 Dungeon Crawl Stone Soup version 0.25.0-9-g26727b657a (webtiles) character file.

Game seed: 8945413837562102083

174035 nikku the Eclecticist (level 17, -7/108 HPs)
             Began as a Deep Elf Conjurer on June 15, 2020.
             Was the Champion of Dithmenos.
             Hit by a large rock thrown by Polyphemus (28 damage)
             ... on level 3 of the Shoals on June 16, 2020.
             The game lasted 03:57:11 (50335 turns).

nikku the Eclecticist (Deep Elf Conjurer)          Turns: 50335, Time: 03:57:11

Health: -7/108     AC: 14    Str:  8    XL:     17   Next: 19%
Magic:  20/50      EV: 16    Int: 31    God:    Dithmenos [******]
Gold:   1574       SH: 17    Dex: 12    Spells: 11/52 levels left

rFire    . . .     SeeInvis .   a - staff of wizardry
rCold    + . .     Gourm    .   S - +2 kite shield
rNeg     . . .     Faith    .   y - +0 acid dragon scales
rPois    +         Spirit   .   W - +1 hat {MR+}
rElec    .         Reflect  +   J - +0 cloak of Midnight {rCorr MP+9 Dex-5 Stlth+}
rCorr    +         Harm     .   r - +2 pair of gloves
MR       +++..     Clarity  +   K - +0 pair of boots of the Onion {rPois Str+2}
Stlth    ++++++++++             j - amulet of Creativity {Reflect Fragile Int+4 SH+5 Stlth+}
HPRegen  0.28/turn              R - ring of protection from magic
MPRegen  0.32/turn              E - ring of protection from cold

@: wreathed by umbra
A: hooves 1, yellow scales 1, agile 1, clarity, MP-powered wands
}: 1/15 runes: serpentine
a: Shadow Step, Shadow Form, Renounce Religion


You were on level 3 of the Shoals.
You worshipped Dithmenos.
Dithmenos was exalted by your worship.
You were not hungry.

You visited 6 branches of the dungeon, and saw 31 of its levels.

You collected 2605 gold pieces.
You spent 1031 gold pieces at shops.

Inventory:

Hand Weapons
 Y - a +4 demon trident of venom
Missiles
 g - 109 poisoned darts (quivered)
 A - 21 silver javelins
 G - 22 javelins
Armour
 r - a +2 pair of gloves (worn)
 y - +0 acid dragon scales (worn)
 I - a +1 leather armour of fire resistance
 J - the +0 cloak of Midnight (worn) {rCorr MP+9 Dex-5 Stlth+}
   (You found it on level 1 of the Lair of Beasts)

   It affects your dexterity (-5).
   It affects your magic capacity (+9).
   It provides partial protection from all sources of acid and corrosion.
   It makes you more stealthy.
 K - the +0 pair of boots of the Onion (worn) {rPois Str+2}
   (You bought it in a shop on level 2 of the Orcish Mines)

   It affects your strength (+2).
   It protects you from poison.
 O - a +0 tower shield
 S - a +2 kite shield (worn)
 W - a +1 hat of magic resistance (worn)
Magical Staves
 a - an uncursed staff of wizardry (weapon)
Jewellery
 j - the amulet of Creativity (around neck) {Reflect Fragile Int+4 SH+5 Stlth+}
   (You found it on level 2 of the Shoals)

   [amulet of reflection]

   It shields you and reflects attacks.
   It affects your intelligence (+4).
   It will be destroyed if unequipped.
   It affects your SH (+5).
   It makes you more stealthy.
 l - an uncursed amulet of faith
 m - an uncursed ring of positive energy
 p - an uncursed amulet of reflection
 E - a ring of protection from cold (right hand)
 R - a ring of protection from magic (left hand)
 U - an uncursed ring of poison resistance
Wands
 e - a wand of paralysis (27)
 o - a wand of acid (21)
 s - a wand of iceblast (8)
 H - a wand of random effects (10)
 Q - a wand of digging (5)
 T - a wand of polymorph (9)
 V - a wand of flame (12)
Scrolls
 f - 17 scrolls of remove curse
 q - 5 scrolls of magic mapping
 t - 7 scrolls of teleportation
 u - 9 scrolls of enchant weapon
 v - a scroll of blinking
 w - 4 scrolls of fear
 B - 11 scrolls of identify
 F - 4 scrolls of amnesia
 N - a scroll of brand weapon
Potions
 b - 6 potions of curing
 d - 5 potions of haste
 h - a potion of mutation
 i - 2 potions of flight
 k - 5 potions of cancellation
 n - 5 potions of brilliance
 x - 3 potions of resistance
 z - 3 potions of heal wounds
 C - a potion of might
 D - 5 potions of lignification
 L - a potion of magic
Miscellaneous
 M - a lightning rod (4/4)
Comestibles
 c - 51 rations


   Skills:
 + Level 12.9 Fighting
 - Level 12.6 Dodging
 - Level 12.7 Stealth
 + Level 9.0 Shields
 + Level 18.3 Spellcasting
 - Level 9.7 Conjurations
 + Level 13.2 Hexes
 - Level 8.0 Translocations
 - Level 2.6 Fire Magic
 - Level 5.0 Poison Magic


You had 11 spell levels left.
You knew the following spells:

 Your Spells              Type           Power        Failure   Level  Hunger
a - Shock                 Conj/Air       ####         1%          1    None
b - Searing Ray           Conj           ######       1%          2    None
c - Fulminant Prism       Conj/Hex       #######...   1%          4    None
d - Iskenderun's Mystic   Conj/Tloc      ######..     1%          4    None
e - Olgreb's Toxic Radia  Pois           ######..     2%          4    None
f - Ignite Poison         Fire/Tmut/Pois #####...     2%          3    None
g - Blink                 Tloc           N/A          1%          2    None
h - Invisibility          Hex            #######.     1%          6    None
i - Conjure Flame         Conj/Fire      ######..     1%          3    None
j - Cause Fear            Hex            #######...   1%          4    None
k - Discord               Hex            #######...   50%         8    #####..

Your spell library contained the following spells:

 Spells                   Type           Power        Failure   Level  Hunger
 Corona                   Hex            #######      0%          1    None
 Magic Dart               Conj           ####         1%          1    None
 Sting                    Tmut/Pois      ####         1%          1    None
 Ensorcelled Hibernation  Hex/Ice        ######       1%          2    None
 Poisonous Vapours        Pois/Air       #####.       1%          2    None
 Slow                     Hex            #######.     1%          2    None
 Confusing Touch          Hex            #######.     1%          3    None
 Dazzling Flash           Conj/Hex       ######       1%          3    None
 Gell's Gravitas          Tloc           ######....   1%          3    None
 Mephitic Cloud           Conj/Pois/Air  ######..     1%          3    None
 Static Discharge         Conj/Air       ######..     1%          3    None
 Stone Arrow              Conj/Erth      ######       1%          3    None
 Summon Guardian Golem    Hex/Summ       ######..     1%          3    None
 Tukima's Dance           Hex            #######.     1%          3    None
 Beastly Appendage        Tmut           ####..       2%          1    None
 Freeze                   Ice            ####         2%          1    None
 Sandblast                Erth           ####..       2%          1    None
 Spider Form              Tmut/Pois      #####.....   2%          3    None
 Hailstorm                Conj/Ice       ######..     2%          4    None
 Call Imp                 Summ           ####....     3%          2    None
 Corpse Rot               Necr/Air       N/A          3%          2    None
 Passwall                 Tmut/Erth      ####....     3%          2    None
 Sticks to Snakes         Tmut           ####....     3%          2    None
 Swiftness                Chrm/Air       ####....     3%          2    None
 Metabolic Englaciation   Hex/Ice        ######....   4%          5    None
 Silence                  Hex/Air        ######....   4%          5    None
 Yara's Violent Unravell  Hex/Tmut       ######....   4%          5    None
 Frozen Ramparts          Ice            ####..       6%          3    None
 Ozocubu's Armour         Chrm/Ice       ####....     6%          3    None
 Lightning Bolt           Conj/Air       ######....   9%          5    None
 Airstrike                Air            ####......   21%         4    None
 Ice Form                 Ice/Tmut       ####....     21%         4    None
 Petrify                  Tmut/Erth      ####....     21%         4    None
 Summon Ice Beast         Ice/Summ       ####....     21%         4    None
 Blade Hands              Tmut           ####......   47%         5    None
 Lee's Rapid Deconstruct  Erth           ####......   47%         5    None


Dungeon Overview and Level Annotations

Branches:
Dungeon (15/15)            Temple (1/1) D:5            Lair (6/6) D:11
 Shoals (3/4) Lair:2        Snake (4/4) Lair:2        Slime (0/5) Lair:6
    Orc (2/2) D:9             Elf (0/3) Orc:2        Vaults (0/5) D:13
 Depths (0/5) D:15

Altars:
Ashenzari
Cheibriados
Dithmenos
Elyvilon
Fedhas
Gozag
Hepliaklqana
Kikubaaqudgha
Makhleb
Nemelex Xobeh
Okawaru
Qazlal
Ru
Sif Muna
Trog
Uskayaw
Vehumet
Wu Jian
Xom
Yredelemnul
Zin
The Shining One

Shops:
D:8 *   D:11 :%   D:12 [   Orc:2 ![[*   Snake:2 %

Annotations:
D:7 3 runed translucent doors, MirrMurr's ghost, novice GrBe
D:11 exclusion: upstairs
D:12 Rupert
D:14 2 transporters, Ficoysum's ghost, journeyman GnWn
Lair:2 exclusion: oklob plant
Shoals:2 2 transporters, popps's ghost, adept GrFi
Shoals:3 Polyphemus


Innate Abilities, Weirdness & Mutations

You have large cloven feet.
You are partially covered in yellow scales. (AC +2)
You are agile. (Dex +2)
You possess an exceptional clarity of mind.
You expend magic power (3 MP) to strengthen your wands.


Message History

Casting: Iskenderun's Mystic Blast (mildly dangerous; 1% risk of failure)
Confirm with . or Enter, or press ? or * to list all spells.
You erupt in a blast of force!
The mystic blast hits the merfolk impaler!!
The merfolk impaler is heavily wounded.
The merfolk impaler is knocked back by the mystic blast.
The mystic blast hits the merfolk!
You kill the merfolk!
Dithmenos accepts your kill.
The mystic blast hits the catoblepas but does no damage.
The catoblepas is almost dead.
The mystic blast hits the death yak!
You kill the death yak!
Dithmenos accepts your kill.
The mystic blast hits the death yak but does no damage.
The death yak is heavily wounded.
The death yak gores you! The catoblepas gores you!!
* * * LOW HITPOINT WARNING * * *
Polyphemus throws a large rock.
The large rock hits you!!
You die...

.... ≈≈≈≈
≈≈m≈≈ ≈≈≈≈≈
≈≈≈≈(C§
..≈>..#
.....m§##
#§§§@#
#.§YY§#
#.§§§§§§#
....##§.§§#
... ##....
≈. .....# ≈
.≈≈..#
≈≈≈≈.E


You could see Polyphemus, a merfolk impaler, a death yak, a catoblepas and a
merfolk.

Vanquished Creatures
  7 nagarajas
  Aizul (Snake:4)
  2 entropy weavers (Lair:4)
  3 merfolk javelineers (Shoals:2)
  6 merfolk impalers
  Erolcha (D:10)
  2 merfolk avatars
  17 naga warriors
  A death knight (D:14)
  5 hydras
  6 anacondas
  2 centaur warriors
  3 merfolk aquamancers (Shoals:1)
  A queen ant (Lair:4)
  9 two-headed ogres
  2 death yaks (Shoals:3)
  2 ogre magi
  12 naga sharpshooters
  An orc high priest (Orc:2)
  8 shock serpents
  A deep elf knight (D:13)
  7 skeletal warriors
  3 salamander mystics
  3 sea snakes
  2 unseen horrors
  A glowing orange brain (D:15)
  6 naga ritualists
  4 harpies (Shoals:1)
  7 mana vipers
  2 deep elf magi
  7 orc sorcerers
  2 fauns (Shoals:1)
  A centaur zombie (D:13)
  22 ugly things
  7 manticores
  6 cyclopes
  4 elephants (Lair:5)
  11 salamanders
  6 merfolk sirens
  2 guardian serpents
  24 naga magi
  43 black mambas
  A torpor snail (Lair:4)
  A water nymph (Shoals:3)
  Maggie (D:6)
  A gargoyle (D:12)
  8 spiny frogs
  5 rime drakes
  8 komodo dragons
  A kobold demonologist (D:13)
  A freezing wraith (D:14)
  A meliai (shapeshifter) (D:15)
  4 trolls
  17 merfolk
  12 polar bears
  3 wind drakes (Shoals:1)
  2 hornets
  3 slime creatures (D:15)
  8 blink frogs
  13 dream sheep
  3 snapping turtles
  8 hippogriffs
  A shadow (D:15)
  Sigmund (D:2)
  3 spriggans
  2 wraiths
  A redback (shapeshifter) (D:15)
  A human (D:7)
  A wyvern (D:10)
  5 yaks (Lair:5)
  A golden eye (shapeshifter) (D:15)
  4 hogs (D:7)
  12 vampire mosquitoes
  A steam dragon (D:11)
  2 hungry ghosts
  A basilisk (Lair:4)
  Menkaure (D:7)
  6 wargs (Lair:6)
  39 nagas
  5 soldier ants (Lair:4)
  Edmund (D:6)
  12 water moccasins
  15 hell hounds (Lair:6)
  9 porcupines
  A black bear (shapeshifter) (D:15)
  17 orc warriors
  8 ice beasts
  3 sky beasts
  14 black bears
  2 phantoms
  14 ogres
  15 centaurs
  37 wolves
  8 crocodiles
  6 big kobolds
  Blork the orc (D:6)
  A gnoll sergeant (D:6)
  6 bullfrogs
  A wyvern zombie (D:11)
  3 wyvern skeletons
  7 scorpions
  10 killer bees
  7 electric eels
  4 wights (D:6)
  4 howler monkeys
  4 crimson imps
  6 hounds
  2 bullfrog zombies
  4 jellies
  28 orc priests
  4 centaur skeletons
  3 bullfrog skeletons (D:13)
  An iguana (D:7)
  34 orc wizards
  A hell rat (Lair:6)
  15 worker ants
  2 worker ant zombies
  Robin (D:2)
  16 gnolls
  9 adders
  5 river rats (Lair:6)
  6 shadow imps
  2 adder zombies
  An adder skeleton (D:4)
  5 worms
  5 leopard geckos
  54 orcs
  A ball python (D:3)
  10 bats
  3 giant cockroaches
  11 goblins
  14 hobgoblins
  11 jackals
  6 quokkas
  11 frilled lizards
  18 kobolds
  A leopard gecko zombie (D:6)
  12 rats
  3 fulminant prisms
  3 fungi
  10 plants
978 creatures vanquished.

Vanquished Creatures (others)
  A black mamba (Snake:1)
  191 fulminant prisms
  3 fungi (Lair:6)
  17 plants
212 creatures vanquished.

Grand Total: 1190 creatures vanquished

Notes
Turn   | Place    | Note
-------+----------+-------------------------------------------
     0 | D:1      | nikku the Deep Elf Conjurer began the quest for the Orb.
     0 | D:1      | Reached XP level 1. HP: 10/10 MP: 6/6
   204 | D:1      | Reached XP level 2. HP: 16/16 MP: 6/8
   647 | D:1      | Reached skill level 1 in Fighting
   753 | D:1      | Reached XP level 3. HP: 20/20 MP: 8/10
   790 | D:1      | Learned a level 2 spell: Searing Ray
  1277 | D:2      | Noticed Robin
  1285 | D:2      | Killed Robin
  1446 | D:2      | Found a blossoming altar of Fedhas.
  1499 | D:2      | Reached skill level 4 in Spellcasting
  1720 | D:2      | Reached XP level 4. HP: 25/25 MP: 10/12
  1739 | D:2      | Found a glowing golden altar of the Shining One.
  1745 | D:2      | Learned a level 4 spell: Fulminant Prism
  1750 | D:2      | Learned a level 4 spell: Iskenderun's Mystic Blast
  1971 | D:2      | Noticed Sigmund
  1977 | D:2      | Killed Sigmund
  1977 | D:2      | Reached skill level 5 in Conjurations
  1977 | D:2      | Reached XP level 5. HP: 19/30 MP: 5/14
  2481 | D:2      | Learned a level 4 spell: Fulminant Prism
  3139 | D:3      | Reached XP level 6. HP: 35/35 MP: 13/15
  3352 | D:4      | Reached skill level 5 in Spellcasting
  3449 | D:4      | Reached skill level 1 in Hexes
  3804 | D:4      | Reached skill level 1 in Translocations
  3885 | D:4      | Identified the Papyrus of Fetching Weightlessness
  4053 | D:4      | Got a crystal trident
  4054 | D:4      | Identified the +6 trident of the Lettuce {pain, Str+6
                  | Dex+4} (You found it on level 4 of the Dungeon)
  4314 | D:5      | Entered Level 5 of the Dungeon
  4436 | D:5      | Found an ornate altar of the Wu Jian Council.
  4444 | D:5      | Found a burning altar of Makhleb.
  4449 | D:5      | Reached XP level 7. HP: 40/40 MP: 10/17
  4687 | D:5      | Reached skill level 5 in Stealth
  5039 | D:5      | Learned a level 2 spell: Blink
  5039 | D:5      | Upgraded the game from 0.25.0-3-gd7cc5688da to
                  | 0.25.0-9-g26727b657a
  5041 | D:5      | Found a basalt altar of Yredelemnul.
  5076 | D:5      | Reached skill level 6 in Spellcasting
  5193 | D:5      | Reached XP level 8. HP: 37/46 MP: 8/19
  5423 | D:5      | Found a staircase to the Ecumenical Temple.
  5432 | Temple   | Entered the Ecumenical Temple
  5623 | Temple   | Became a worshipper of Dithmenos the Shadowed
  6001 | D:6      | Noticed Maggie
  6017 | D:6      | Killed Maggie
  6141 | D:6      | Noticed Blork the orc
  6145 | D:6      | Killed Blork the orc
  6199 | D:6      | Reached skill level 7 in Spellcasting
  6202 | D:6      | Reached skill level 5 in Hexes
  6340 | D:6      | Reached XP level 9. HP: 52/52 MP: 15/21
  6360 | D:6      | Reached * piety under Dithmenos
  6967 | D:6      | Noticed Edmund
  6975 | D:6      | Killed Edmund
  7226 | D:7      | Noticed Menkaure
  7237 | D:7      | Killed Menkaure
  7567 | D:7      | Found a runed translucent gate.
  7567 | D:7      | Found a runed translucent gate.
  7567 | D:7      | Found a runed translucent gate.
  7568 | D:7      | Noticed MirrMurr's ghost (novice GrBe)
  7680 | D:7      | Reached skill level 5 in Translocations
  7707 | D:7      | Found a shimmering altar of Xom.
  7708 | D:7      | Found a hazy altar of Hepliaklqana.
  7709 | D:7      | Noticed a spectral ugly thing
  7897 | D:7      | Reached skill level 8 in Spellcasting
  8358 | D:7      | Learned a level 3 spell: Conjure Flame
  8468 | D:8      | Found Juosch's Changing Room.
  8486 | D:8      | Reached ** piety under Dithmenos
  8549 | D:8      | Reached XP level 10. HP: 58/58 MP: 17/24
  8648 | D:8      | Reached skill level 5 in Fighting
  9552 | D:9      | Reached skill level 9 in Spellcasting
  9767 | D:9      | Reached *** piety under Dithmenos
 10238 | D:9      | Found a staircase to the Orcish Mines.
 10741 | D:9      | Found a snail-covered altar of Cheibriados.
 10909 | D:10     | Entered Level 10 of the Dungeon
 10938 | D:10     | Noticed Erolcha
 10947 | D:10     | Killed Erolcha
 12034 | D:10     | Reached **** piety under Dithmenos
 12717 | D:11     | Reached XP level 11. HP: 45/64 MP: 8/26
 12945 | D:11     | Reached skill level 10 in Spellcasting
 13071 | D:11     | Found a staircase to the Lair.
 13106 | D:11     | Found Aseneaz's Food Boutique.
 13245 | D:11     | Found Dyq Isch's Book Shoppe.
 13253 | D:11     | Bought a book of Air for 350 gold pieces
 13255 | D:11     | Learned a level 1 spell: Shock
 13334 | D:11     | Noticed a purple ugly thing
 13354 | D:11     | Killed a purple ugly thing
 13589 | D:11     | Reached skill level 10 in Stealth
 13738 | D:11     | Noticed an eight-headed hydra
 13746 | D:11     | Killed an eight-headed hydra
 13956 | D:11     | Reached skill level 1 in Fire Magic
 14301 | Lair:1   | Entered Level 1 of the Lair of Beasts
 15048 | Lair:1   | Got a distressingly furry cloak
 15054 | Lair:1   | Identified the +0 cloak of Midnight {rCorr MP+9 Dex-5
                  | Stlth+} (You found it on level 1 of the Lair of Beasts)
 15630 | Lair:2   | Reached skill level 11 in Spellcasting
 15883 | Lair:2   | Reached skill level 5 in Dodging
 15983 | Lair:2   | Reached XP level 12. HP: 50/71 MP: 15/29
 16191 | Lair:2   | Reached ***** piety under Dithmenos
 16272 | Lair:2   | Found a staircase to the Shoals.
 16607 | Lair:2   | Found a staircase to the Snake Pit.
 17914 | Lair:4   | Reached skill level 12 in Spellcasting
 18357 | Lair:4   | Noticed an entropy weaver
 18370 | Lair:4   | Killed an entropy weaver
 18370 | Lair:4   | Noticed an entropy weaver
 18375 | Lair:4   | Noticed a queen ant
 18382 | Lair:4   | Killed an entropy weaver
 18680 | Lair:4   | Killed a queen ant
 19471 | Lair:5   | Learned a level 6 spell: Invisibility
 19537 | Lair:5   | Reached ****** piety under Dithmenos
 19790 | Lair:5   | Reached XP level 13. HP: 79/79 MP: 31/31
 20187 | Lair:5   | Reached skill level 13 in Spellcasting
 20574 | Lair:6   | Entered Level 6 of the Lair of Beasts
 21081 | Lair:6   | Found a staircase to the Slime Pits.
 21107 | Lair:6   | Reached skill level 10 in Hexes
 23544 | Lair:6   | Reached skill level 10 in Dodging
 23554 | Lair:6   | Reached skill level 14 in Spellcasting
 24208 | D:12     | Found Cheibriados's Comfort Zone.
 24218 | D:12     | Found a snail-covered altar of Cheibriados.
 24539 | D:12     | Noticed Rupert
 25332 | Orc:1    | Entered Level 1 of the Orcish Mines
 25599 | Orc:2    | Entered Level 2 of the Orcish Mines
 26090 | Orc:2    | Reached XP level 14. HP: 87/87 MP: 32/34
 26396 | Orc:2    | Found Saliel's General Store.
 26396 | Orc:2    | Found Jaiciomu's Distillery.
 26396 | Orc:2    | Found Baatrask's Armour Emporium.
 26402 | Orc:2    | Found Esuew's Antique Armour Shoppe.
 26413 | Orc:2    | Bought a potion of mutation for 128 gold pieces
 26413 | Orc:2    | Gained mutation: You have a pair of small horns on your
                  | head. [potion of mutation]
 26413 | Orc:2    | Gained mutation: You evolve. [potion of mutation]
 26414 | Orc:2    | Bought a potion of mutation for 128 gold pieces
 26414 | Orc:2    | Lost mutation: You have a pair of small horns on your head.
                  | [potion of mutation]
 26414 | Orc:2    | Lost mutation: You evolve. [potion of mutation]
 26414 | Orc:2    | Gained mutation: You have a pair of small antennae on your
                  | head. [potion of mutation]
 26414 | Orc:2    | Gained mutation: Your mind is acute. (Int +2) [potion of
                  | mutation]
 26720 | Orc:2    | Found a staircase to the Elven Halls.
 27115 | D:12     | Paralysed by Rupert for 7 turns
 28390 | D:13     | Reached skill level 10 in Fighting
 28726 | D:13     | Found a gate to the Vaults.
 29320 | D:14     | Reached skill level 15 in Spellcasting
 29982 | D:14     | Noticed Ficoysum's ghost (journeyman GnWn)
 29996 | D:14     | Found a transporter.
 30020 | D:14     | Found a transporter.
 30021 | D:14     | Noticed an iron dragon
 30130 | D:14     | You fall into a shaft and drop 1 floor!
 30130 | D:15     | Entered Level 15 of the Dungeon
 32555 | D:15     | Reached XP level 15. HP: 93/93 MP: 29/36
 33547 | D:15     | Found a staircase to the Depths.
 33838 | Orc:2    | Bought the cursed +0 pair of boots of the Onion {rPois
                  | Str+2} for 169 gold pieces
 33853 | Orc:2    | Bought 2 potions of mutation for 256 gold pieces
 34088 | D:14     | Lost mutation: You have a pair of small antennae on your
                  | head. [potion of mutation]
 34088 | D:14     | Lost mutation: Your mind is acute. (Int +2) [potion of
                  | mutation]
 34088 | D:14     | Gained mutation: Scrolls take you a little longer to read.
                  | [potion of mutation]
 34088 | D:14     | Gained mutation: You are partially covered in yellow
                  | scales. (AC +2) [potion of mutation]
 34089 | D:14     | Lost mutation: Scrolls take you a little longer to read.
                  | [potion of mutation]
 34089 | D:14     | Gained mutation: You possess an exceptional clarity of
                  | mind. [potion of mutation]
 34089 | D:14     | Gained mutation: You have large cloven feet. [potion of
                  | mutation]
 34089 | D:14     | Gained mutation: You are agile. (Dex +2) [potion of
                  | mutation]
 34089 | D:14     | Gained mutation: You expend magic power (3 MP) to
                  | strengthen your wands. [potion of mutation]
 34228 | Snake:1  | Entered Level 1 of the Snake Pit
 35876 | Snake:1  | Reached skill level 16 in Spellcasting
 37252 | Snake:1  | Reached skill level 1 in Shields
 38377 | Snake:2  | Found Kusour's Food Emporium.
 39216 | Snake:2  | Noticed a nagaraja
 39226 | Snake:2  | Killed a nagaraja
 40110 | Snake:3  | Noticed a nagaraja
 40128 | Snake:3  | Killed a nagaraja
 40514 | Snake:3  | Reached skill level 5 in Shields
 41046 | Snake:3  | Reached XP level 16. HP: 74/101 MP: 38/38
 41238 | Snake:3  | Reached skill level 17 in Spellcasting
 42216 | Snake:4  | Entered Level 4 of the Snake Pit
 43013 | Snake:4  | Noticed Aizul
 43402 | Snake:4  | Killed Aizul
 45267 | Snake:4  | HP: 5/103 [rock wall collision (29)]
 45979 | Snake:4  | Got a serpentine rune of Zot
 46189 | Snake:4  | Learned a level 4 spell: Olgreb's Toxic Radiance
 46193 | Snake:4  | Learned a level 3 spell: Ignite Poison
 46294 | Shoals:1 | Entered Level 1 of the Shoals
 46351 | Shoals:1 | Reached skill level 1 in Poison Magic
 46631 | Shoals:2 | Found a transporter.
 46717 | Shoals:1 | Reached skill level 18 in Spellcasting
 47741 | Shoals:1 | Identified a scroll of acquirement
 48377 | Shoals:2 | Got a vibrating golden amulet
 48378 | Shoals:2 | Identified the amulet of Creativity {Reflect Fragile Int+4
                  | SH+5 Stlth+} (You found it on level 2 of the Shoals)
 48414 | Shoals:3 | Noticed Polyphemus
 48419 | Shoals:2 | Reached XP level 17. HP: 34/108 MP: 23/41
 48456 | Shoals:2 | Found a transporter.
 48877 | Shoals:2 | Noticed popps's ghost (adept GrFi)
 49496 | Shoals:1 | Learned a level 4 spell: Cause Fear
 49505 | Shoals:1 | Learned a level 8 spell: Discord
 50037 | Shoals:3 | Reached skill level 5 in Poison Magic
 50335 | Shoals:3 | Hit by a large rock thrown by Polyphemus

Illustrated notes

Levels and vault maps discovered:
D:1:      mrwooster_arrival_statue, layout_basic
D:2:      layout_basic, lemuel_crystal_altar, nicolae_overflow_crystal_walls,
          uniq_robin, uniq_sigmund
D:3:      layout_rooms, hangedman_decor_push
D:4:      layout_rooms
D:5:      layout_cave_pools, overflow_temple_1_default,
          amethyst_overflow_temple_binary, minmay_temple_entry_purple_smoke,
          first_ration
D:6:      layout_rooms, uniq_edmund, uniq_maggie, uniq_blork_the_orc
D:7:      layout_loops_ring, regret_index_temple_of_mockery,
          gammafunk_ghost_nasty_kobolds, grunt_livestock, uniq_menkaure
D:8:      layout_basic, nicolae_transmutations_shop
D:9:      layout_irregular_city, cheibrodos_worm_habitat, david_orc_1_choice
D:10:     layout_stronghold, uniq_erolcha
D:11:     layout_stronghold, erik_lair_island, serial_shops, shop,
          nicolae_shop_stone
D:12:     layout_loops_ring, minivault_25, minmay_shop_chei,
          hangedman_decor_diamond_cutter, uniq_rupert
D:13:     layout_long_grid, hangedman_vaults_entry_quadrant_bands, st_stairs_14
D:14:     layout_basic, minmay_misc_feat_rows,
          gammafunk_ghost_berserking_beasts, evilmike_butchery
D:15:     gammafunk_enter_depths_forms, layout_loops_ring, minivault_24
Temple:   eino_narrow_crystal_temple
Lair:1:   layout_roguey, lemuel_fruit_tree, serial_bayou_shore_b
Lair:2:   layout_loops_ring, minmay_shoals_entry_beasts,
          guppyfry_snake_entry_island, serial_bayou_shore_a,
          minmay_lair_oklob_chamber, grunt_megastairs_2,
          infiniplex_staircase_pool
Lair:3:   layout_cave_shapes, forest_entry_grove
Lair:4:   layout_cave_shapes, serial_forest, infiniplex_forest_corner_1,
          infiniplex_forest_end_1, infiniplex_forest_fountain,
          infiniplex_forest_clump_medium, infiniplex_forest_lined_room_3,
          wad_woods_antlair
Lair:5:   layout_gridlike, chequers_serial_rivers_small_b,
          grunt_forest_stairs_clearing, serial_bayou_shore_b
Lair:6:   hangedman_lair_caniforms_friends, layout_regular_city, slime_dummy,
          kennysheep_abandoned_house
Shoals:1: layout_shoals, portal_ice_cave_entry_pillars_three,
          nicolae_shoals_flooded_hall
Shoals:2: layout_shoals, gammafunk_ghost_berserking_beasts,
          nicolae_shoals_mertower
Shoals:3: layout_shoals, uniq_polyphemus, uniq_ilsuiw
Snake:1:  layout_onion, serial_bayou_ford_a
Snake:2:  layout_rooms, serial_shops, shop, drop_trap
Snake:3:  layout_gridlike
Snake:4:  snake_pit, layout_misc_corridors, uniq_aizul
Orc:1:    layout_caves, mines3_lemuel
Orc:2:    st_orc_mages, layout_diamond_mine

Skill      XL: |  1  2  3  4  5  6  7  8  9 10 11 12 13 14 15 16 17 |
---------------+----------------------------------------------------+-----
Fighting       | 1 2 3 4 5 6 8 9 10 11 12 | 12.9
Stealth        | 3 4 5 6 8 9 10 12 | 12.7
Spellcasting   | 4 5 6 7 8 9 11 12 14 15 16 18 | 18.3
Conjurations   | 5 6 7 8 9 |  9.7
Hexes          | 2 3 5 6 8 9 11 13 | 13.2
Translocations | 1 3 4 5 7 8 |  8.0
Fire Magic     | 2 |  2.6
Dodging        | 5 8 10 12 | 12.6
Shields        | 5 8 9 |  9.0
Poison Magic   | 3 5 |  5.0

Action                   |  1- 3 |  4- 6 |  7- 9 | 10-12 | 13-15 | 16-18 || total
-------------------------+-------+-------+-------+-------+-------+-------++-------
Melee: Trident           |       |       |     2 |     2 |       |       ||     4
       Staff             |       |       |       |       |     1 |       ||     1
Throw: Dart              |       |       |       |     1 |     3 |     1 ||     5
 Cast: Magic Dart        |    86 |    89 |   114 |   142 |       |       ||   431
       Searing Ray       |     1 |    13 |    48 |   104 |   116 |    61 ||   343
       Iskenderun's Myst |       |       |     3 |    57 |   289 |    96 ||   445
       Fulminant Prism   |       |       |    13 |    61 |    93 |    27 ||   194
       Conjure Flame     |       |       |       |     2 |     2 |     1 ||     5
       Shock             |       |       |       |   151 |   879 |   531 ||  1561
       Blink             |       |       |       |       |     1 |     2 ||     3
       Ignite Poison     |       |       |       |       |       |     8 ||     8
       Olgreb's Toxic Ra |       |       |       |       |       |     5 ||     5
Evoke: Wand              |       |       |       |     3 |     2 |       ||     5
  Use: Scroll            |     5 |     5 |    10 |    13 |     9 |     9 ||    51
       Potion            |       |       |       |     1 |     9 |     6 ||    16
  Eat: Chunk             |     2 |     8 |    10 |    30 |    29 |    10 ||    89
       Ration            |       |       |     1 |     2 |    10 |     6 ||    19
Armor: Robe              |     5 |     2 |     3 |       |       |       ||    10
       Acid dragon scale |       |       |     3 |    46 |   112 |    51 ||   212
Dodge: Dodged            |    11 |     7 |    29 |    85 |   303 |   109 ||   544
Block: Other             |       |       |       |     1 |    74 |       ||    75
       Reflection        |       |       |       |       |    32 |    47 ||    79
       Kite shield       |       |       |       |       |    81 |   187 ||   268
